 Dungeon Crawl Stone Soup version 0.31.0-32-g396128a36d (webtiles) character file.

Game seed: 8966562565779993922

97 Fairytaker the Trooper (level 4, -1/29 HPs)
             Began as a Gargoyle Fighter on Apr 19, 2024.
             Slain by a gnoll
             ... wielding a +0 halberd
             ... led by a gnoll bouda
              (5 damage)
             ... on level 3 of the Dungeon.
             The game lasted 00:04:37 (1816 turns).

Fairytaker the Trooper (Gargoyle Fighter)           Turns: 1816, Time: 00:04:37

Health: -1/29      AC: 11    Str: 22    XL:     4   Next: 68%
Magic:  4/4        EV: 19    Int:  8    God:
Gold:   125        SH:  4    Dex:  9    Spells: 3/3 levels left

rFire   . . .        a - +0 war axe
rCold   . . .        c - +0 buckler
rNeg    + . .        b - +0 scale mail
rPois   ∞            n - +0 helmet
rElec   +            (no cloak)
rCorr   .            (no gloves)
SInv    .            (no boots)
Will    .....        (no amulet) Stlth
                     e - +5 ring of evasion
HPRegen 0.24/turn    g - +5 ring of evasion
MPRegen 0.09/turn

%: no passive effects
@: no status effects
A: sickness immunity, AC +3, negative energy resistance 1, electricity
resistance, torment resistance 1, petrification resistance
a: no special abilities


You were on level 3 of the Dungeon.
You visited 1 branch of the dungeon, and saw 3 of its levels.

You collected 125 gold pieces.

Inventory:

Hand Weapons
 a - a +0 war axe (weapon)
 o - the +4 spear "Giphomp" {speed, Str+3}
   (You found it on level 2 of the Dungeon)

   Str+3:     It affects your strength (+3).
Armour
 b - a +0 scale mail (worn)
 c - a +0 buckler (worn)
 n - a +0 helmet (worn)
Jewellery
 e - a +5 ring of evasion (left hand)
 g - a +5 ring of evasion (right hand)
 j - a +6 ring of dexterity
Scrolls
 f - a scroll of noise {unknown}
 i - 2 scrolls of teleportation
 m - a scroll of revelation {unknown}
Potions
 d - a potion of might
 l - 2 potions of attraction
 p - a potion of haste {unknown}


   Skills:
 + Level 3.9 Fighting
 * Level 3.0 Axes
 + Level 3.9 Armour
 + Level 3.9 Shields


You had 3 spell levels left.
You didn't know any spells.
Your spell library was empty.

Dungeon Overview and Level Annotations

Branches:
Dungeon (3/15)

Altars:

Annotations:
D:3 Sigmund


Innate Abilities, Weirdness & Mutations

You are immune to sickness and miasma.
Your stone body is resilient. (AC +3)
You are immune to poison.
You resist negative energy. (rN+)
You are resistant to electric shocks. (rElec)
You are resistant to unholy torment.
You are immune to petrification.


Message History

You hit the gnoll bouda but do no damage.
The gnoll bouda hits you with a +0 club!
The gnoll bouda barely misses you.
You hit the gnoll bouda.
The gnoll bouda is moderately wounded.
The gnoll bouda calls upon its god to heal the gnoll.
The gnoll is healed somewhat.
You hit the gnoll bouda.
The gnoll bouda is heavily wounded.
You hit the hobgoblin. The gnoll bouda barely misses you.
The hobgoblin hits you.
A kobold comes into view. It is wielding a +0 club.
The gnoll bouda hits you with a +0 club!
* * * LOW HITPOINT WARNING * * *
You barely miss the hobgoblin.
The hobgoblin is heavily wounded.
You slash the gnoll bouda! You block the hobgoblin's attack.
The gnoll bouda misses you. You block the hobgoblin's attack.
Unknown command.
You hit the gnoll bouda.
You kill the gnoll bouda!
You slash the hobgoblin!
You kill the hobgoblin!
You block the gnoll's attack.
Your Axes skill increases to level 3!
You see here a hobgoblin corpse.
The gnoll is no longer moving quickly.
The kobold closely misses you.
You hit the kobold but do no damage. You closely miss the gnoll.
The gnoll closely misses you. You block the kobold's attack.
The gnoll closely misses you.
You closely miss the kobold. You hit the gnoll.
The gnoll completely misses you. The kobold closely misses you.
The gnoll hits you from afar with a +0 halberd.
* * * LOW HITPOINT WARNING * * *
The gnoll completely misses you.
You slash the kobold!
You kill the kobold!
You barely miss the gnoll.
The gnoll is no longer moving quickly. x2
The gnoll hits you from afar with a +0 halberd.
You die...

..........................
..........................
.###....<.................
.....###.#.....#..........
#>........................
.........#.###.#.#...###..
#.....#....# #)#.#.#.# #
#..÷#....#.# #.#)#.#'###.#
#...#...##.# #.#@#.......#
#...#.#.##.# #.#g##...####.. .
.<..#'#....###(#g#+...'gg.....
........#...##.#g##...###....#
........##...#.#g###gg.gg..#
#......###...#.#.# #.#####.#
#............#.#.###.#####.
#...#'####.....#...........#
#.......)........##..#######


You could see 4 gnolls.

Vanquished Creatures
  A gnoll bouda (D:3)
  An adder (D:3)
  An orc (D:3)
  3 ball pythons
  4 endoplasms
  2 giant cockroaches (D:2)
  9 hobgoblins
  3 jackals (D:3)
  2 quokkas (D:1)
  7 bats
  2 frilled lizards (D:1)
  8 goblins
  7 kobolds
  5 rats (D:1)
55 creatures vanquished.

Notes
Turn   | Place    | Note
-------+----------+-------------------------------------------
     0 | D:1      | Fairytaker the Gargoyle Fighter began the quest for the
                  | Orb.
     0 | D:1      | Reached XP level 1. HP: 14/14 MP: 1/1
   143 | D:1      | Reached XP level 2. HP: 19/19 MP: 2/2
   632 | D:1      | Reached XP level 3. HP: 23/23 MP: 3/3
  1049 | D:2      | Identified the +4 spear "Giphomp" {speed, Str+3}
  1490 | D:3      | Reached XP level 4. HP: 29/29 MP: 4/4
  1531 | D:3      | Noticed Sigmund
  1816 | D:3      | Slain by a gnoll

Illustrated notes

Levels and vault maps discovered:
D:1:      scummos_arrival_simple_crosswalls, layout_basic, minivault_24
D:2:      wander_river, layout_basic
D:3:      minmay_goblin_kobold_castle, layout_basic, zin_angel, uniq_sigmund

Skill      XL: |  1  2  3  4 |
---------------+-------------+-----
Axes           | 2 3 |  3.0
Fighting       | |  3.9
Armour         | |  3.9
Shields        | |  3.9

Action                     |  1- 3 |  4- 6 || total
---------------------------+-------+-------++-------
  Melee: War axe           |   103 |    32 ||   135
         Unarmed           |       |     1 ||     1
    Use: Scroll            |       |     4 ||     4
 Armour: Scale mail        |    45 |    16 ||    61
         Skin              |       |     2 ||     2
  Dodge: Dodged            |    92 |    31 ||   123
  Block: Buckler           |    24 |    12 ||    36
